 Dungeon Crawl Stone Soup version 0.16.1-51-g6203257 (webtiles) character file.

11305 Miyamura the Covert (level 11, -1/54 HPs)
             Began as a Vine Stalker Monk on July 7, 2015.
             Was an Elder of Ashenzari.
             Slain by a blink frog (7 damage)
             ... on level 2 of the Lair of Beasts.
             The game lasted 00:30:22 (10653 turns).

Miyamura the Covert (Vine Stalker Monk)            Turns: 10653, Time: 00:30:22

Health: -1/54      AC:  6    Str: 14    XL:     11   Next: 75%
Magic:  0/32       EV: 19    Int: 16    God:    Ashenzari [****..]
Gold:   496        SH:  0    Dex: 14    Spells: 1 memorised, 16 levels left

rFire  . . .     SeeInvis +     I - +6 trident of Blood-Lust {flame, rPois Int+3 Dex-3}
rCold  . . .     Clarity  +     a - +1 robe
rNeg   . . .     SustAb   .     (no shield)
rPois  +         Gourm    .     A - +0 helmet
rElec  .         Spirit   +     u - +0 cloak
rCorr  .         Warding  .     J - +0 pair of gloves
rMut   .         Stasis   .     (no boots)
MR     +....                    (no amulet)
Stlth  ++++......               C - +3 ring of evasion
                                h - ring of magical power

@: very slightly contaminated, somewhat resistant to hostile enchantments,
stealthy
A: fangs 3, frail 1, low mp 1, regeneration 2, wild magic 1, magic shield,
antimagic bite, no device heal 3, rot immunity
a: Scrying, Renounce Religion


You were on level 2 of the Lair of Beasts.
You worshipped Ashenzari.
Ashenzari was greatly pleased with you.
You were hungry.

You visited 3 branches of the dungeon, and saw 14 of its levels.

You collected 641 gold pieces.
You spent 145 gold pieces at shops.

Inventory:

Hand weapons
 o - a +4 whip of electrocution
 D - the +3 hand axe of the Red Skies {venom, Int+2 Dex+5}
   (You found it on level 8 of the Dungeon)

   It poisons the flesh of those it strikes.
   It affects your intelligence (+2).
   It affects your dexterity (+5).
 I - the +6 trident of Blood-Lust (weapon) {flame, rPois Int+3 Dex-3}
   (You found it on level 1 of the Lair of Beasts)

   It has been specially enchanted to burn those struck by it, causing extra
   injury to most foes and up to half again as much damage against particularly
   susceptible opponents.
   It affects your intelligence (+3).
   It affects your dexterity (-3).
   It protects you from poison.
Armour
 a - a +1 robe (worn)
 u - a +0 cloak (worn)
 A - a +0 helmet (worn)
 J - a +0 pair of gloves (worn)
Jewellery
 h - a ring of magical power (left hand)
 t - an uncursed ring of ice
 C - a +3 ring of evasion (right hand)
Magical devices
 x - a wand of draining (2)
 G - a wand of frost (24)
Scrolls
 c - 3 scrolls of blinking
 i - 3 scrolls of magic mapping
 l - 3 scrolls of identify
 m - 2 scrolls of fog
 n - 2 scrolls of teleportation
 q - 2 scrolls of amnesia
 w - 2 scrolls of enchant armour
 y - a scroll of recharging
 F - a scroll of remove curse
Potions
 d - a potion of lignification
 e - 2 potions of restore abilities
 f - 3 potions of haste
 k - 2 potions of cancellation
 v - 4 potions of curing
 z - 2 potions of magic
 H - a potion of berserk rage
 K - a potion of might
Books
 r - a book of Transfigurations

   Spells                             Type                      Level
   a - Stoneskin                      Transmutation/Earth          2
   b - Irradiate                      Conjuration/Transmutation    5
   c - Statue Form                    Transmutation/Earth          6
   d - Hydra Form                     Transmutation                6
   e - Dragon Form                    Transmutation                7
 B - a book of Annihilations {highlevel}

   This book is beyond your current level of understanding.

   Spells                             Type                      Level
   a - Poison Arrow                   Conjuration/Poison           6
   b - Chain Lightning                Conjuration/Air              8
   c - Lehudib's Crystal Spear        Conjuration/Earth            8
   d - Glaciate                       Conjuration/Ice              9
   e - Fire Storm                     Conjuration/Fire             9
 E - a book of Beasts

   Spells                             Type                      Level
   a - Summon Butterflies             Summoning                    1
   b - Call Canine Familiar           Summoning                    3
   c - Summon Ice Beast               Ice/Summoning                4
   d - Summon Mana Viper              Hexes/Summoning              5
   e - Monstrous Menagerie            Summoning                    6
   f - Summon Hydra                   Summoning                    7
Comestibles
 b - 12 bread rations
 g - 3 royal jellies
 j - 7 meat rations
 p - 5 beef jerkies
 s - 2 fruits


   Skills:
 + Level 7.8 Fighting
 - Level 4.2(5.5) Axes
 - Level 4.9(5.7) Maces & Flails
 + Level 1.6(3.2) Polearms
 + Level 7.5 Dodging
 - Level 8.7 Stealth
 - Level 4.0 Unarmed Combat
 - Level 6.2 Spellcasting
 + Level 5.6 Transmutations
 + Level 5.2 Earth Magic


You had 16 spell levels left.
You knew the following spells:

 Your Spells              Type           Power        Failure   Level  Hunger
a - Statue Form           Trmt/Erth      ####.....    100%        6    #######


Dungeon Overview and Level Annotations

Branches:
Dungeon (11/15)            Temple (1/1) D:4            Lair (2/8) D:10
    Orc: D:9-12

Altars:
Ashenzari
Cheibriados
Dithmenos
Elyvilon
Fedhas
Gozag
Kikubaaqudgha
Makhleb
Nemelex Xobeh
Okawaru
Qazlal
Ru
Sif Muna
Trog
Vehumet
Xom
Yredelemnul
Zin
The Shining One

Shops:
D:4 *   D:5 =   D:7 **


Innate Abilities, Weirdness & Mutations

You have razor-sharp teeth.
You heal very quickly.
When hurt, damage is shared between your health and your magic reserves.
Your bite disrupts and absorbs the magic of your enemies.
Potions and wands cannot restore your health.
You are immune to rotting.
You are frail (-10% HP).
Your magical capacity is low (-10% MP).
Your spells are a little harder to cast, but a little more powerful.


Message History

The blink frog is moderately wounded.
The blink frog completely misses you. The blink frog misses you.
The blink frog hits you!
Unknown command.
The blink frog hits you! The blink frog misses you.
The blink frog completely misses you. The blink frog barely misses you.
The blink frog blinks! x2
Found a stone staircase leading up.
The blink frog hits you!
* * * LOW HITPOINT WARNING * * *
The blink frog blinks!
The blink frog hits you!
* * * LOW HITPOINT WARNING * * *
Read which item? (? for menu, Esc to quit)
Blink to where?
Press: ? - help, Dir - move target cursor, p - blink frog You are very lightly contaminated with residual magic.
As you read the scroll of blinking, it crumbles to dust.
The blink frog hits you!
You die...

############## ##
###P#...†.......
#P#.#......F.......
###....F.F§F...#.....
#...F....########....
*,#...@..# * ##..F.
*#.....######## #P....
***#....P##.###.P######....
* ,....## ##......)........
* ..# ##................
,,,,** ##.................
, ,, ** *
................... , *
.................... ,,, *
*,,....................


You could see 4 blink frogs.

Vanquished Creatures
  Pikel (D:6)
  Joseph (Lair:1)
  Psyche (D:8)
  A spiny frog (Lair:1)
  The ghost of Ignatius881 the Conjurer, an experienced HEAE of Sif Muna (D:5)
  A blink frog (Lair:2)
  3 basilisks (D:10)
  A two-headed ogre (D:9)
  9 yaks
  A hippogriff (D:7)
  Eustachio (D:6)
  2 deep elf magi
  3 hungry ghosts
  A steam dragon (D:8)
  3 wolves (Lair:2)
  2 water moccasins
  6 porcupines
  5 sky beasts
  3 ice beasts
  A black bear (D:8)
  5 orc warriors
  8 crocodiles
  A centaur (D:6)
  5 ogres
  A big kobold (D:10)
  2 water moccasin zombies (D:10)
  9 giant frogs
  2 wyvern zombies
  3 scorpions
  2 goliath beetles
  3 crimson imps
  3 centaur skeletons
  2 jellies
  4 orc priests
  A giant frog skeleton (D:10)
  7 orc wizards
  A giant frog zombie (D:8)
  9 hounds
  Natasha (twice) (D:6)
  5 iguanas
  5 worker ants
  2 mummies
  A worker ant zombie (D:6)
  17 river rats
  3 gnolls (D:4)
  11 adders
  A giant mite (D:3)
  6 worms
  A shadow imp (D:6)
  7 giant geckos
  2 oozes
  45 orcs
  5 giant cockroaches
  7 goblins
  12 hobgoblins
  5 quokkas
  A ball python (D:1)
  16 bats
  7 giant newts
  A giant spore (D:10)
  6 jackals
  16 kobolds
  10 rats
  2 ballistomycetes
311 creatures vanquished.

Vanquished Creatures (others)
  An orc (D:5)
  Natasha (D:6)
  A giant spore (D:8)
  A fungus (D:10)
  2 plants (D:10)
6 creatures vanquished.

Grand Total: 317 creatures vanquished

Notes
Turn   | Place    | Note
--------------------------------------------------------------
     0 | D:1      | Miyamura, the Vine Stalker Monk, began the quest for the Orb.
     0 | D:1      | Reached XP level 1. HP: 11/11 MP: 1/1
   253 | D:1      | Reached XP level 2. HP: 14/16 MP: 3/3
   373 | D:1      | Reached skill level 1 in Spellcasting
   729 | D:2      | Reached XP level 3. HP: 15/20 MP: 5/5
   983 | D:2      | Reached XP level 4. HP: 9/24 MP: 3/7
  1807 | D:3      | Reached XP level 5. HP: 28/28 MP: 11/11
  2218 | D:4      | Reached skill level 1 in Maces & Flails
  2220 | D:4      | Noticed an ice beast
  2228 | D:4      | Killed an ice beast
  2228 | D:4      | Gained mutation: You heal very quickly. [vine stalker growth]
  2228 | D:4      | Reached XP level 6. HP: 22/32 MP: 14/14
  2267 | D:4      | Noticed an ogre
  2271 | D:4      | Killed an ogre
  2292 | D:4      | Found a staircase to the Ecumenical Temple.
  2304 | Temple   | Entered the Ecumenical Temple
  2420 | Temple   | Became a worshipper of Ashenzari the Shackled
  2420 | Temple   | Acquired Ashenzari's first power
  2509 | D:4      | Found Xoirimywua's General Store.
  2545 | D:4      | Bought a scroll of torment for 82 gold pieces
  2832 | D:4      | Noticed an ogre
  2836 | D:4      | Killed an ogre
  2836 | D:4      | Reached XP level 7. HP: 34/37 MP: 17/17
  3155 | D:5      | Entered Level 5 of the Dungeon
  3183 | D:5      | Reached skill level 5 in Stealth
  3203 | D:5      | Gained mutation: Your mind is acute. (Int +2) [mutagenic meat]
  3204 | D:5      | Gained mutation: You have difficulty communicating with the divine. [mutagenic meat]
  3205 | D:5      | Lost mutation: You have difficulty communicating with the divine. [potion of cure mutation]
  3205 | D:5      | Lost mutation: Your mind is acute. (Int +2) [potion of cure mutation]
  3304 | D:5      | Found Ysouheam's Jewellery Emporium.
  3307 | D:5      | Bought a cursed ring of loudness for 63 gold pieces
  3370 | D:5      | Gained mutation: You are frail (-10% HP). [mutagenic meat]
  3371 | D:5      | Gained mutation: Your spells are a little harder to cast, but a little more powerful. [mutagenic meat]
  3522 | D:5      | Gained mutation: You have razor-sharp teeth. [vine stalker growth]
  3522 | D:5      | Reached XP level 8. HP: 22/37 MP: 18/20
  3565 | D:5      | Noticed Ignatius881's ghost (experienced HEAE)
  3669 | D:5      | Killed Ignatius881's ghost
  3669 | D:5      | Reached skill level 6 in Stealth
  4250 | D:6      | Noticed Pikel
  4268 | D:6      | Killed Pikel
  4268 | D:6      | Reached skill level 5 in Fighting
  4268 | D:6      | Reached skill level 5 in Dodging
  4268 | D:6      | Reached skill level 7 in Stealth
  4268 | D:6      | Reached skill level 5 in Spellcasting
  4268 | D:6      | Reached XP level 9. HP: 30/42 MP: 23/23
  4554 | D:6      | Noticed Natasha
  4564 | D:6      | Killed Natasha
  4678 | D:6      | Noticed Eustachio
  4689 | D:6      | Killed Eustachio
  5085 | D:6      | Noticed Natasha
  5088 | D:6      | Killed Natasha
  5241 | D:6      | Killed Natasha
  5756 | D:7      | Acquired Ashenzari's second power
  5765 | D:7      | Reached skill level 8 in Stealth
  5799 | D:7      | Found Oruofuny's Assorted Antiques.
  6169 | D:7      | Found Metuucata's General Store.
  6518 | D:8      | Found a sparkling altar of Nemelex Xobeh.
  6572 | D:8      | Reached XP level 10. HP: 26/47 MP: 25/25
  6620 | D:8      | Learned a level 6 spell: Statue Form
  6623 | D:8      | Got the hand axe of the Red Skies {venom, Int+2 Dex+5}
  6624 | D:8      | Identified the +3 hand axe of the Red Skies {venom, Int+2 Dex+5} (You found it on level 8 of the Dungeon)
  6762 | D:8      | Reached skill level 1 in Earth Magic
  6770 | D:8      | Gained mutation: Your magical capacity is low (-10% MP). [mutagenic meat]
  6796 | D:8      | Noticed Psyche
  6802 | D:8      | Killed Psyche
  6802 | D:8      | Reached skill level 1 in Axes
  6802 | D:8      | Reached skill level 1 in Transmutations
  7915 | D:10     | Entered Level 10 of the Dungeon
  7937 | D:10     | Found a staircase to the Lair.
  7984 | D:10     | Reached XP level 11. HP: 9/52 MP: 11/23
  9431 | Lair:1   | Entered Level 1 of the Lair of Beasts
  9470 | Lair:1   | Acquired Ashenzari's third power
  9582 | Lair:1   | Got the trident of Blood-Lust {flame, rPois Int+3 Dex-3}
  9583 | Lair:1   | Identified the +6 trident of Blood-Lust {flame, rPois Int+3 Dex-3} (You found it on level 1 of the Lair of Beasts)
  9677 | Lair:1   | Noticed Joseph
  9690 | Lair:1   | Killed Joseph
  9690 | Lair:1   | Reached skill level 1 in Polearms
  9690 | Lair:1   | Reached skill level 5 in Transmutations
  9690 | Lair:1   | Reached skill level 5 in Earth Magic
 10653 | Lair:2   | Slain by a blink frog

Action                   |  1- 3 |  4- 6 |  7- 9 | 10-12 || total
-------------------------+-------+-------+-------+-------++-------
Melee: Unarmed           |   106 |    68 |       |       ||   174
       Whip              |       |    75 |   306 |     6 ||   387
       Hand axe          |       |       |       |   347 ||   347
       Trident           |       |       |       |   106 ||   106
Evoke: Wand              |       |       |     1 |     1 ||     2
  Use: Scroll            |     5 |    10 |    11 |     5 ||    31
       Potion            |     2 |     3 |     1 |       ||     6
 Stab: Sleeping          |     1 |     6 |    18 |    19 ||    44
       Distracted        |       |       |       |     2 ||     2
  Eat: Chunk             |       |     6 |    16 |    13 ||    35
       Meat ration       |       |       |       |     1 ||     1
       Beef jerky        |       |       |       |     1 ||     1
